 Dungeon Crawl Stone Soup version 0.31-a0-325-g067879e3d3 (webtiles) character file.

Game seed: 7663378591672667855

374 AdnanSaban the Cudgeller (level 6, -1/39 HPs)
             Began as a Gargoyle Fighter on July 18, 2023.
             Slain by a gnoll sergeant
             ... wielding a +0 spear
              (2 damage)
             ... on level 4 of the Dungeon.
             The game lasted 00:03:18 (2539 turns).

AdnanSaban the Cudgeller (Gargoyle Fighter)         Turns: 2539, Time: 00:03:18

Health: -1/39      AC: 11    Str: 22    XL:     6   Next: 72%
Magic:  6/6        EV:  9    Int:  8    God:
Gold:   105        SH:  4    Dex:  9    Spells: 5/5 levels left

rFire   . . .        a - +0 flail
rCold   . . .        c - +0 buckler
rNeg    + . .        b - +0 scale mail
rPois   ∞            (no helmet)
rElec   +            (no cloak)
rCorr   .            (no gloves)
SInv    .            (no boots)
Will    .....        (no amulet) Stlth
                     (no ring)
HPRegen 0.26/turn    (no ring)
MPRegen 0.10/turn

%: no passive effects
@: no status effects
A: sickness immunity, AC +4, negative energy resistance 1, electricity
resistance, torment resistance 1, petrification resistance
a: no special abilities


You were on level 4 of the Dungeon.
You visited 1 branch of the dungeon, and saw 4 of its levels.

You collected 105 gold pieces.

Inventory:

Hand Weapons
 a - a +0 flail (weapon)
Armour
 b - a +0 scale mail (worn)
 c - a +0 buckler (worn)
Scrolls
 f - a scroll of torment {unknown}
 g - a scroll of enchant weapon {unknown}
 h - 2 scrolls of identify {unknown}
 j - a scroll of revelation {unknown}
 k - a scroll of teleportation {unknown}
Potions
 d - a potion of might
 e - a potion of heal wounds {unknown}
 i - a potion of invisibility {unknown}


   Skills:
 + Level 4.5 Fighting
 + Level 4.8 Maces & Flails
 + Level 4.8 Armour
 + Level 4.2 Shields


You had 5 spell levels left.
You didn't know any spells.
Your spell library contained the following spells:

 Spells                   Type           Power      Damage    Failure   Level
 Vhi's Electric Charge    Tloc/Air       0%         N/A       98%         3
 Olgreb's Toxic Radiance  Pois           0%         N/A       100%        4
 Arcjolt                  Conj/Air       0%         1d10      100%        5
 Discord                  Hex            0%         N/A       100%        8
 Ignition                 Fire           0%         3d3       100%        8
 Maxwell's Capacitive Co  Air            0%         ∞         100%        8


Dungeon Overview and Level Annotations

Branches:
Dungeon (4/15)
 Temple: D:4-7

Altars:

Shops:
D:3 [!


Innate Abilities, Weirdness & Mutations

You are immune to sickness and miasma.
Your stone body is resilient. (AC +4)
You are immune to poison.
You resist negative energy. (rN+)
You are resistant to electric shocks. (rElec)
You are resistant to unholy torment.
You are immune to petrification.


Message History

You are too injured to fight recklessly!
You are too injured to fight recklessly!
You are too injured to fight recklessly!
You sock the gnoll!
You kill the gnoll!
You closely miss the gnoll. You block the gnoll's attack.
The gnoll sergeant hits you but does no damage.
You hit the gnoll.
The gnoll is moderately wounded.
You block the gnoll's attack.
The gnoll sergeant hits you from afar with a +0 spear!
* * * LOW HITPOINT WARNING * * *
You barely miss the gnoll.
The gnoll is moderately wounded.
You block the gnoll's attack. You block the gnoll sergeant's attack.
The gnoll hits you but does no damage. The gnoll sergeant barely misses you.
You closely miss the gnoll.
The gnoll is moderately wounded.
You block the gnoll's attack. The gnoll sergeant closely misses you.
You sock the gnoll!
The gnoll is almost dead.
The gnoll closely misses you.
The gnoll sergeant hits you from afar with a +0 spear.
* * * LOW HITPOINT WARNING * * *
You closely miss the gnoll.
The gnoll is almost dead.
The gnoll hits you but does no damage. You block the gnoll sergeant's attack.
You hit the gnoll.
You kill the gnoll!
The gnoll sergeant hits you from afar with a +0 spear.
* * * LOW HITPOINT WARNING * * *
The gnoll sergeant hits you with a +0 spear.
* * * LOW HITPOINT WARNING * * *
Things that are here:
a +0 flail; a +0 whip; a throwing net You barely miss the gnoll sergeant.
The gnoll sergeant hits you with a +0 spear.
* * * LOW HITPOINT WARNING * * *
The gnoll sergeant hits you with a +0 spear.
You die...

#.....##...#..#.#
#..##.##.........
#..##.##.........
...##.##...#..#.#.
...............≈≈
#..#..##.......≈#
...#..###..#.#.≈## ###
.†.............≈≈#...#
).##.####..#.#..@g..$#
#.##.# #..#.#.≈≈#...#
#....# #......≈## ###
.....##.#..#...≈#
#.##.##.#..#.#.≈≈≈≈≈
#............#.###...
#..........###.# .. #
#.##.##.##.# #.# ..#
#.##.##.##.###.####....


You could see a gnoll sergeant.

Vanquished Creatures
  A phantom (D:3)
  A scorpion (D:3)
  A hound (D:4)
  An orc priest (D:3)
  Jessica (D:2)
  An iguana (D:3)
  3 gnolls (D:4)
  2 adders (D:3)
  2 worms (D:2)
  4 orcs
  11 endoplasms
  2 giant cockroaches
  6 goblins
  6 hobgoblins
  3 jackals (D:2)
  6 quokkas
  5 ball pythons
  5 bats
  5 frilled lizards
  8 kobolds
  A rat (D:1)
75 creatures vanquished.

Notes
Turn   | Place    | Note
-------+----------+-------------------------------------------
     0 | D:1      | AdnanSaban the Gargoyle Fighter began the quest for the
                  | Orb.
     0 | D:1      | Reached XP level 1. HP: 14/14 MP: 1/1
   117 | D:1      | Reached XP level 2. HP: 17/19 MP: 2/2
   342 | D:1      | Reached XP level 3. HP: 21/24 MP: 3/3
  1220 | D:2      | Noticed Jessica
  1230 | D:2      | Killed Jessica
  1231 | D:2      | Reached XP level 4. HP: 17/29 MP: 4/4
  1597 | D:3      | Noticed a scorpion
  1598 | D:3      | Found Azohiv's Armour Boutique.
  1624 | D:3      | Killed a scorpion
  1625 | D:3      | Reached XP level 5. HP: 29/33 MP: 5/5
  1758 | D:3      | Found Ollonir's Distillery.
  2186 | D:4      | Noticed a phantom
  2268 | D:3      | Killed a phantom
  2269 | D:3      | Reached XP level 6. HP: 9/39 MP: 6/6
  2539 | D:4      | HP: 1/39 [gnoll sergeant/+0 spear (2)]
  2539 | D:4      | Slain by a gnoll sergeant

Illustrated notes

Levels and vault maps discovered:
D:1:      minmay_arrival_open_corners, layout_basic
D:2:      layout_basic, uniq_jessica
D:3:      layout_rooms, serial_shops, nicolae_lakefront_shop, shop
D:4:      layout_basic, kennysheep_orc_sif_temple, lightli_minifort

Skill      XL: |  1  2  3  4  5 |
---------------+----------------+-----
Maces & Flails | 3 4 |  4.8
Armour         | 4 |  4.8
Fighting       | 4 |  4.5
Shields        | 4 |  4.2

Action                     |  1- 3 |  4- 6 || total
---------------------------+-------+-------++-------
  Melee: Flail             |   154 |   162 ||   316
 Armour: Scale mail        |   100 |   110 ||   210
  Dodge: Dodged            |    85 |   102 ||   187
  Block: Buckler           |    38 |    54 ||    92

Table legend: (Time is in decaauts)
 A = Elapsed time spent in this place.
 B = Non-inter-level travel time spent in this place.
 C = Inter-level travel time spent in this place.
 D = Time resting spent in this place.
 E = Time spent auto-exploring this place.
 F = Levels seen in this place.
 G = Mean time per level.
                   A        B        C        D        E       F      G
               +--------+--------+--------+--------+--------+-----+--------+
         Total |   2627 |   2551 |     76 |    109 |   1778 |   4 |  656.8 |
       Dungeon |   2627 |   2551 |     76 |    109 |   1778 |   4 |  656.8 |
               +--------+--------+--------+--------+--------+-----+--------+

Top non-repeatable levels by time:
     D:1: 916 daAuts
     D:3: 702 daAuts
     D:2: 666 daAuts
     D:4: 341 daAuts
